Kings vs Flames

Created - March 29, 2016 at 17:43

Goals
1 2 3 T
Kings 1 0 1 2
Flames 1 0 0 1
Shots
1 2 3 T
Kings 2 4 8 14
Flames 13 3 4 20

1st period

1. Flames , Jack Johnson 6 (Brad Stuart, Jarret Stoll) at 4:31 (PP)
2. Kings , Daniel Sedin 28 (John Tavares, Alexei Emelin) at 9:46

Penalties :
Colton Sceviour (LOS) for Slashing (Double Minor) at 2:43, Matt Niskanen (LOS) for High sticking (Minor) at 17:51

2nd period

No Goal

Penalties :
Matt Niskanen (LOS) for Delaying the game (Minor) at 11:49, Erik Johnson (CGY) for Hooking (Minor) at 18:12

3rd period

3. Kings , John Tavares 35 (Niklas Kronwall, Daniel Sedin) at 4:51

Penalties :
Derek MacKenzie (LOS) for Hooking (Minor) at 9:45, Erik Johnson (CGY) for High sticking (Minor) at 14:18

Goalie Stats

Steve Mason (LOS), 19 saves from 20 shots - (0.950), W, 32-23-7, 60:00 minutes
Ben Bishop (CGY), 12 saves from 14 shots - (0.857), L, 28-30-6, 60:00 minutes

Players Stats for Kings

Player Name              G  A  P  +/- PIM S  H  SB GA TA FO     MP     PP MP  PK MP  
------------------------------------------------------------------------------------
Alexander Edler          0  0  0   1  0   1  1  1  0  0  0/0    23:19   2:12   5:15 
Alexei Emelin            0  1  1   1  0   0  1  1  0  0  0/0    20:31   0:00   4:42 
Chris Kunitz             0  0  0   0  0   0  6  0  0  0  2/2    19:12   1:24   3:15 
Cody Goloubef            0  0  0   0  0   0  1  0  0  0  0/0    14:36   0:00   1:38 
Colton Sceviour          0  0  0   0  4   0  1  0  0  0  0/0    10:09   0:00   0:00 
Daniel Sedin             1  1  2   2  0   1  1  0  0  0  0/1    16:02   0:00   0:00 
Derek MacKenzie          0  0  0   0  2   0  0  0  0  0  7/9     5:53   0:00   0:00 
Eric Staal               0  0  0   0  0   2  0  0  0  0  0/0    16:23   0:00   0:49 
Jeff Skinner             0  0  0   0  0   1  0  0  0  0  0/0    16:28   1:24   0:46 
Joe Thornton             0  0  0   0  0   1  0  1  0  0  12/24  21:16   1:24   5:43 
John Tavares             1  1  2   2  0   2  0  0  0  0  9/18   24:03   2:34   5:27 
Marian Gaborik           0  0  0   2  0   2  2  0  0  0  1/1    19:00   2:34   0:00 
Matt Niskanen            0  0  0   1  4   0  1  0  0  0  0/0    21:50   1:46   2:35 
Mikael Granlund          0  0  0   0  0   2  0  0  0  0  11/16  16:15   2:34   3:28 
Mirco Mueller            0  0  0   0  0   0  1  0  0  0  0/0    14:44   1:46   0:00 
Niklas Kronwall          0  1  1   1  0   2  0  0  0  0  0/0    24:46   2:12   5:06 
Ryan Stanton             0  0  0   0  0   0  0  0  0  0  0/0     0:12   0:00   0:12 
Victor Rask              0  0  0   0  0   0  0  1  0  0  0/0     5:33   0:00   0:00 

Players Stats for Flames

Player Name              G  A  P  +/- PIM S  H  SB GA TA FO     MP     PP MP  PK MP  
------------------------------------------------------------------------------------
Andrej Nestrasil         0  0  0   0  0   1  0  0  0  0  1/1    11:49   0:00   0:43 
Andrew Miller            0  0  0   0  0   2  0  0  0  0  3/9    12:10   0:43   0:00 
Anze Kopitar             0  0  0  -1  0   3  0  1  0  0  17/36  26:03   4:34   2:59 
Beau Bennett             0  0  0   0  0   0  0  0  0  0  0/0     5:13   0:43   0:00 
Bobby Ryan               0  0  0  -1  0   2  0  0  0  0  0/1    21:15   4:34   2:20 
Brad Stuart              0  1  1  -1  0   2  1  3  0  0  0/0    21:59   4:32   1:03 
Bryan Bickell            0  0  0   0  0   0  3  0  0  0  0/0    11:53   0:43   0:04 
Carlo Colaiacovo         0  0  0   0  0   0  0  0  0  0  0/0     3:37   0:00   0:12 
David Perron             0  0  0  -1  0   2  1  0  0  0  0/3    19:50   4:34   0:55 
Erik Johnson             0  0  0  -1  4   1  3  1  0  0  0/0    23:45   5:12   0:00 
Jack Johnson             1  0  1  -1  0   1  1  1  0  0  0/0    21:59   4:32   1:03 
Jared Spurgeon           0  0  0   0  0   1  0  0  0  0  0/0    11:19   0:00   0:00 
Jarret Stoll             0  1  1  -1  0   1  2  0  0  0  6/19   21:43   4:27   0:55 
Justin Faulk             0  0  0  -1  0   0  1  1  0  0  0/0    23:17   5:12   2:55 
Kevan Miller             0  0  0   0  0   0  2  1  0  0  0/0    14:02   0:00   2:43 
Mason Raymond            0  0  0   0  0   0  0  0  0  0  0/0     4:30   0:00   0:00 
Matt Cullen              0  0  0  -1  0   4  0  0  0  0  0/0    20:48   4:27   0:00 
Patrick Dwyer            0  0  0  -1  0   0  1  0  0  0  2/2    20:48   4:27   0:00 

3 Stars

1 - Daniel Sedin (LOS)
2 - John Tavares (LOS)
3 - Steve Mason (LOS)

Power Play

Kings - 0 on 2 Attempt(s) - 0.00%
Flames - 1 on 5 Attempt(s) - 20.00%

Penalty Kill

Kings - 4 on 5 Attempt(s) - 80.00% - Score 0 goal in Penalty Kill
Flames - 2 on 2 Attempt(s) - 100.00% - Score 0 goal in Penalty Kill

Team Stat

Kings - Hits : 15 - Faceoff Wins : 42 - Blocked Shots : 4 - Penalty Minutes : 10
Flames - Hits : 15 - Faceoff Wins : 29 - Blocked Shots : 8 - Penalty Minutes : 4

Official

Referees : Brad Meier and Jean Hebert
Linesman : Pierre Champoux and Ryan Galloway

Game Notes

No Game Note

Finance

Level 1 -- Attendance: 6500 (100.00%) -- Ticket Income $715,000
Level 2 -- Attendance: 5000 (100.00%) -- Ticket Income $375,000
Level 3 -- Attendance: 3050 (87.14%) -- Ticket Income $183,000
Level 4 -- Attendance: 2805 (85.28%) -- Ticket Income $112,200
Luxury Box -- Attendance: 1000 (100.00%) -- Ticket Income $200,000
Game was played at the Scotiabank Saddledome.
Total Attendance: 18355 (95.16%)
Total Ticket Income: $1,585,200
Other Income: $237,780
Total Income: $1,822,980

% Time on Ice - Kings

Lines # - Real PCT - Wanted PCT - Time Play
Normal Forward
1 - 35% - 40% - 16:02
2 - 31% - 30% - 14:09
3 - 22% - 20% - 10:10
4 - 12% - 10% - 5:33
Normal Defense
1 - 37% - 40% - 16:51
2 - 34% - 30% - 15:49
3 - 28% - 20% - 12:58
4 - 1% - 10% - 0:16
PP Forward
1 - 65% - 60% - 2:34
2 - 35% - 40% - 1:24
PP Defense
1 - 55% - 60% - 2:12
2 - 45% - 40% - 1:46
PK Forward
1 - 67% - 60% - 6:29
2 - 33% - 40% - 3:15
PK Defense
1 - 44% - 60% - 4:18
2 - 56% - 40% - 5:26
PK3 Forward
1 - 0% - 60%
2 - 0% - 40%
PK3 Defense
1 - 0% - 60%
2 - 0% - 40%
44 Forward
1 - 0% - 60%
2 - 0% - 40%
44 Defense
1 - 0% - 60%
2 - 0% - 40%
Last Minute Offensive  - 0:00
Last Minute Defensive  - 0:24
Total
Forward - 60:00
Defense - 60:00

% Time on Ice - Flames

Lines # - Real PCT - Wanted PCT - Time Play
Normal Forward
1 - 30% - 40% - 13:49
2 - 36% - 30% - 16:21
3 - 24% - 20% - 11:06
4 - 10% - 10% - 4:30
Normal Defense
1 - 32% - 40% - 14:38
2 - 36% - 30% - 16:24
3 - 25% - 20% - 11:19
4 - 7% - 10% - 3:25
PP Forward
1 - 54% - 60% - 5:17
2 - 46% - 40% - 4:27
PP Defense
1 - 53% - 60% - 5:12
2 - 47% - 40% - 4:32
PK Forward
1 - 77% - 60% - 3:03
2 - 23% - 40% - 0:55
PK Defense
1 - 74% - 60% - 2:55
2 - 26% - 40% - 1:03
PK3 Forward
1 - 0% - 60%
2 - 0% - 40%
PK3 Defense
1 - 0% - 60%
2 - 0% - 40%
44 Forward
1 - 0% - 60%
2 - 0% - 40%
44 Defense
1 - 0% - 60%
2 - 0% - 40%
Last Minute Offensive  - 0:32
Last Minute Defensive  - 0:00
Total
Forward - 60:00
Defense - 60:00

Play by Play

1st period


0:01 of 1st period - John Tavares wins face-off versus Anze Kopitar in neutral zone.
1:30 of 1st period - Brad Stuart is hit by Chris Kunitz and loses puck.
1:59 of 1st period - Alexei Emelin is hit by Bryan Bickell and loses puck.
2:09 of 1st period - Andrew Miller is hit by Chris Kunitz and loses puck.
2:25 of 1st period - Icing by Andrew Miller.
2:26 of 1st period - Mikael Granlund wins face-off versus Andrew Miller in Flames zone.
2:34 of 1st period - Icing by Kevan Miller.
2:35 of 1st period - Mikael Granlund wins face-off versus Andrew Miller in Flames zone.
2:43 of 1st period - Double Minor Penalty to Colton Sceviour for Slashing.
2:44 of 1st period - Joe Thornton wins face-off versus Anze Kopitar in Kings zone.
2:58 of 1st period - Icing by Justin Faulk.
2:59 of 1st period - Anze Kopitar wins face-off versus Joe Thornton in Flames zone.
3:08 of 1st period - Shot by Bobby Ryan.
3:08 of 1st period - Stopped by Steve Mason without a rebound.
3:09 of 1st period - Mikael Granlund wins face-off versus Jarret Stoll in Kings zone.
3:17 of 1st period - Icing by Jack Johnson.
3:18 of 1st period - John Tavares wins face-off versus Jarret Stoll in Flames zone.
3:43 of 1st period - Shot by Brad Stuart.
3:43 of 1st period - Stopped by Steve Mason with a rebound.
3:45 of 1st period - Shot by Jack Johnson.
3:45 of 1st period - Shot Misses the Net.
3:47 of 1st period - Shot by Brad Stuart.
3:47 of 1st period - Stopped by Steve Mason without a rebound.
3:48 of 1st period - Joe Thornton wins face-off versus Anze Kopitar in Kings zone.
4:01 of 1st period - Shot by Anze Kopitar.
4:01 of 1st period - Stopped by Steve Mason without a rebound.
4:02 of 1st period - Anze Kopitar wins face-off versus Mikael Granlund in Kings zone.
4:05 of 1st period - Shot by Anze Kopitar.
4:05 of 1st period - Shot Misses the Net.
4:21 of 1st period - Shot by Bobby Ryan.
4:21 of 1st period - Stopped by Steve Mason without a rebound.
4:22 of 1st period - Jarret Stoll wins face-off versus John Tavares in Kings zone.
4:25 of 1st period - Shot by Matt Cullen.
4:25 of 1st period - Shot Misses the Net.
4:27 of 1st period - Shot by Jarret Stoll.
4:27 of 1st period - Shot Misses the Net.
4:29 of 1st period - Shot by Brad Stuart.
4:29 of 1st period - Shot Misses the Net.
4:31 of 1st period - Shot by Jack Johnson.
4:31 of 1st period - Goal by Jack Johnson - Kings : 0 - Flames : 1.
4:32 of 1st period - Anze Kopitar wins face-off versus Joe Thornton in neutral zone.
4:53 of 1st period - Shot by Justin Faulk.
4:53 of 1st period - Shot Blocked by Joe Thornton.
4:57 of 1st period - Shot by Bobby Ryan.
4:57 of 1st period - Shot Misses the Net.
4:59 of 1st period - Shot by Justin Faulk.
4:59 of 1st period - Shot Blocked by Alexander Edler.
5:01 of 1st period - Shot by Erik Johnson.
5:01 of 1st period - Shot Misses the Net.
5:48 of 1st period - Icing by Brad Stuart.
5:49 of 1st period - Mikael Granlund wins face-off versus Jarret Stoll in Flames zone.
6:45 of 1st period - Icing by Derek MacKenzie.
6:46 of 1st period - Derek MacKenzie wins face-off versus Anze Kopitar in Kings zone.
7:16 of 1st period - Shot by Bobby Ryan.
7:16 of 1st period - Shot Blocked by Victor Rask.
7:44 of 1st period - Shot by Andrew Miller.
7:44 of 1st period - Stopped by Steve Mason without a rebound.
7:45 of 1st period - John Tavares wins face-off versus Jarret Stoll in Kings zone.
8:11 of 1st period - Off-side.
8:12 of 1st period - Joe Thornton wins face-off versus Andrew Miller in neutral zone.
8:19 of 1st period - Shot by Chris Kunitz.
8:19 of 1st period - Shot Blocked by Kevan Miller.
8:21 of 1st period - Shot by Alexander Edler.
8:21 of 1st period - Stopped by Ben Bishop without a rebound.
8:22 of 1st period - Joe Thornton wins face-off versus Anze Kopitar in Flames zone.
9:46 of 1st period - Shot by Daniel Sedin.
9:46 of 1st period - Goal by Daniel Sedin - Kings : 1 - Flames : 1.
9:47 of 1st period - Mikael Granlund wins face-off versus Andrew Miller in neutral zone.
9:57 of 1st period - Andrej Nestrasil is hit by Cody Goloubef and loses puck.
10:03 of 1st period - Icing by Cody Goloubef.
10:04 of 1st period - Mikael Granlund wins face-off versus Anze Kopitar in Kings zone.
10:15 of 1st period - Shot by Mikael Granlund.
10:15 of 1st period - Shot Blocked by Erik Johnson.
10:59 of 1st period - Mirco Mueller is hit by Patrick Dwyer and loses puck.
11:30 of 1st period - Jarret Stoll is hit by Colton Sceviour.
12:22 of 1st period - Shot by Andrew Miller.
12:22 of 1st period - Shot Misses the Net.
12:26 of 1st period - Shot by Andrej Nestrasil.
12:26 of 1st period - Stopped by Steve Mason without a rebound.
12:27 of 1st period - Anze Kopitar wins face-off versus Joe Thornton in Kings zone.
13:39 of 1st period - Shot by Jarret Stoll.
13:39 of 1st period - Stopped by Steve Mason without a rebound.
13:40 of 1st period - Marian Gaborik wins face-off versus Jarret Stoll in Kings zone.
13:47 of 1st period - Brad Stuart is hit by Marian Gaborik and loses puck.
14:02 of 1st period - Shot by Matt Cullen.
14:02 of 1st period - Stopped by Steve Mason without a rebound.
14:03 of 1st period - Andrew Miller wins face-off versus Joe Thornton in Kings zone.
14:24 of 1st period - Shot by Kevan Miller.
14:24 of 1st period - Shot Misses the Net.
15:11 of 1st period - Off-side.
15:12 of 1st period - Anze Kopitar wins face-off versus John Tavares in neutral zone.
15:14 of 1st period - Off-side.
15:15 of 1st period - Anze Kopitar wins face-off versus Daniel Sedin in neutral zone.
15:41 of 1st period - Icing by Matt Niskanen.
15:42 of 1st period - John Tavares wins face-off versus Jarret Stoll in Kings zone.
16:02 of 1st period - Icing by Brad Stuart.
16:03 of 1st period - Jarret Stoll wins face-off versus Mikael Granlund in Flames zone.
16:15 of 1st period - Shot by Matt Cullen.
16:15 of 1st period - Stopped by Steve Mason without a rebound.
16:16 of 1st period - Joe Thornton wins face-off versus Bobby Ryan in Kings zone.
17:47 of 1st period - Patrick Dwyer is hit by Matt Niskanen and loses puck.
17:51 of 1st period - Minor Penalty to Matt Niskanen for High sticking.
17:52 of 1st period - Joe Thornton wins face-off versus Jarret Stoll in Kings zone.
18:52 of 1st period - Shot by Anze Kopitar.
18:52 of 1st period - Stopped by Steve Mason with a rebound.
18:54 of 1st period - Shot by Anze Kopitar.
18:54 of 1st period - Stopped by Steve Mason without a rebound.
18:55 of 1st period - Mikael Granlund wins face-off versus Jarret Stoll in Kings zone.
Goals for this period are 1 for Kings vs 1 for Flames.
Shots for this period are 2 for Kings vs 13 for Flames.

2nd period


0:01 of 2nd period - Anze Kopitar wins face-off versus John Tavares in neutral zone.
1:10 of 2nd period - Icing by Alexander Edler.
1:11 of 2nd period - Jarret Stoll wins face-off versus Mikael Granlund in Kings zone.
1:11 of 2nd period - Jarret Stoll is hit by Alexei Emelin.
2:55 of 2nd period - Shot by John Tavares.
2:55 of 2nd period - Shot Misses the Net.
3:42 of 2nd period - Off-side.
3:43 of 2nd period - Derek MacKenzie wins face-off versus Anze Kopitar in neutral zone.
3:59 of 2nd period - Icing by Jack Johnson.
4:00 of 2nd period - Chris Kunitz wins face-off versus David Perron in Flames zone.
4:07 of 2nd period - Shot by David Perron.
4:07 of 2nd period - Stopped by Steve Mason without a rebound.
4:08 of 2nd period - Jarret Stoll wins face-off versus Joe Thornton in Kings zone.
4:26 of 2nd period - Jeff Skinner is hit by Erik Johnson and loses puck.
4:34 of 2nd period - Chris Kunitz is hit by Erik Johnson.
5:57 of 2nd period - Matt Niskanen is hit by Bryan Bickell and loses puck.
6:25 of 2nd period - John Tavares is hit by Kevan Miller and loses puck.
7:19 of 2nd period - Shot by Matt Cullen.
7:19 of 2nd period - Shot Misses the Net.
7:31 of 2nd period - Shot by Anze Kopitar.
7:31 of 2nd period - Shot Misses the Net.
7:49 of 2nd period - Shot by Mason Raymond.
7:49 of 2nd period - Shot Misses the Net.
9:46 of 2nd period - Icing by Jarret Stoll.
9:47 of 2nd period - Jarret Stoll wins face-off versus Joe Thornton in Flames zone.
9:47 of 2nd period - Jarret Stoll is hit by Chris Kunitz.
9:50 of 2nd period - Patrick Dwyer is hit by Chris Kunitz and loses puck.
10:03 of 2nd period - Jeff Skinner is hit by Jarret Stoll and loses puck.
10:10 of 2nd period - Alexei Emelin is hit by Kevan Miller and loses puck.
10:59 of 2nd period - Shot by Eric Staal.
10:59 of 2nd period - Stopped by Ben Bishop without a rebound.
11:00 of 2nd period - John Tavares wins face-off versus Anze Kopitar in Flames zone.
11:02 of 2nd period - Daniel Sedin is hit by Jack Johnson and loses puck.
11:13 of 2nd period - Shot by John Tavares.
11:13 of 2nd period - Shot Misses the Net.
11:32 of 2nd period - Icing by Brad Stuart.
11:33 of 2nd period - Derek MacKenzie wins face-off versus Anze Kopitar in Flames zone.
11:49 of 2nd period - Minor Penalty to Matt Niskanen for Delaying the game.
11:50 of 2nd period - Joe Thornton wins face-off versus Anze Kopitar in Kings zone.
13:32 of 2nd period - Shot by Erik Johnson.
13:32 of 2nd period - Shot Blocked by Alexei Emelin.
13:34 of 2nd period - Shot by Justin Faulk.
13:34 of 2nd period - Shot Misses the Net.
13:58 of 2nd period - Icing by Matt Niskanen.
13:59 of 2nd period - Andrew Miller wins face-off versus John Tavares in Kings zone.
14:21 of 2nd period - Icing by Daniel Sedin.
14:22 of 2nd period - John Tavares wins face-off versus Jarret Stoll in Kings zone.
14:59 of 2nd period - Shot by Jarret Stoll.
14:59 of 2nd period - Deflect By Matt Cullen.
14:59 of 2nd period - Stopped by Steve Mason without a rebound.
15:00 of 2nd period - Anze Kopitar wins face-off versus Joe Thornton in Kings zone.
16:12 of 2nd period - Shot by Andrew Miller.
16:12 of 2nd period - Stopped by Steve Mason without a rebound.
16:13 of 2nd period - Derek MacKenzie wins face-off versus Jarret Stoll in Kings zone.
16:37 of 2nd period - Shot by Derek MacKenzie.
16:37 of 2nd period - Shot Blocked by Brad Stuart.
17:14 of 2nd period - Matt Niskanen is hit by Jarret Stoll and loses puck.
17:27 of 2nd period - Shot by John Tavares.
17:27 of 2nd period - Stopped by Ben Bishop without a rebound.
17:28 of 2nd period - Anze Kopitar wins face-off versus Joe Thornton in Flames zone.
18:12 of 2nd period - Minor Penalty to Erik Johnson for Hooking.
18:13 of 2nd period - John Tavares wins face-off versus Anze Kopitar in Flames zone.
18:54 of 2nd period - Shot by Mikael Granlund.
18:54 of 2nd period - Stopped by Ben Bishop without a rebound.
18:55 of 2nd period - Joe Thornton wins face-off versus David Perron in Flames zone.
19:12 of 2nd period - Shot by Joe Thornton.
19:12 of 2nd period - Shot Blocked by Brad Stuart.
19:14 of 2nd period - Shot by Niklas Kronwall.
19:14 of 2nd period - Stopped by Ben Bishop without a rebound.
19:15 of 2nd period - Andrej Nestrasil wins face-off versus John Tavares in Flames zone.
19:37 of 2nd period - Shot by Alexander Edler.
19:37 of 2nd period - Shot Misses the Net.
19:39 of 2nd period - Shot by Niklas Kronwall.
19:39 of 2nd period - Shot Misses the Net.
19:45 of 2nd period - Shot by John Tavares.
19:45 of 2nd period - Shot Blocked by Anze Kopitar.
Goals for this period are 0 for Kings vs 0 for Flames.
Shots for this period are 4 for Kings vs 3 for Flames.

3rd period


0:01 of 3rd period - John Tavares wins face-off versus Anze Kopitar in neutral zone.
0:42 of 3rd period - Icing by Mirco Mueller.
0:43 of 3rd period - Anze Kopitar wins face-off versus Joe Thornton in Kings zone.
0:43 of 3rd period - Bobby Ryan is hit by Mirco Mueller and loses puck.
1:08 of 3rd period - Shot by David Perron.
1:08 of 3rd period - Stopped by Steve Mason without a rebound.
1:09 of 3rd period - Andrew Miller wins face-off versus John Tavares in Kings zone.
1:21 of 3rd period - Icing by Matt Niskanen.
1:22 of 3rd period - John Tavares wins face-off versus Anze Kopitar in Kings zone.
1:22 of 3rd period - John Tavares is hit by David Perron.
1:32 of 3rd period - Shot by Marian Gaborik.
1:32 of 3rd period - Stopped by Ben Bishop without a rebound.
1:33 of 3rd period - Patrick Dwyer wins face-off versus Mikael Granlund in Flames zone.
3:03 of 3rd period - Shot by John Tavares.
3:03 of 3rd period - Shot Misses the Net.
3:05 of 3rd period - Shot by Niklas Kronwall.
3:05 of 3rd period - Shot Blocked by Justin Faulk.
3:18 of 3rd period - Shot by Niklas Kronwall.
3:18 of 3rd period - Stopped by Ben Bishop without a rebound.
3:19 of 3rd period - Joe Thornton wins face-off versus Andrew Miller in Flames zone.
3:48 of 3rd period - Jared Spurgeon is hit by Chris Kunitz and loses puck.
3:58 of 3rd period - Jared Spurgeon is hit by Chris Kunitz and loses puck.
4:07 of 3rd period - Icing by Joe Thornton.
4:08 of 3rd period - Joe Thornton wins face-off versus Anze Kopitar in Kings zone.
4:28 of 3rd period - Daniel Sedin is hit by Justin Faulk and loses puck.
4:42 of 3rd period - Daniel Sedin is hit by Erik Johnson and loses puck.
4:51 of 3rd period - Shot by John Tavares.
4:51 of 3rd period - Goal by John Tavares - Kings : 2 - Flames : 1.
4:52 of 3rd period - Mikael Granlund wins face-off versus Jarret Stoll in neutral zone.
5:00 of 3rd period - Icing by Brad Stuart.
5:01 of 3rd period - Mikael Granlund wins face-off versus Jarret Stoll in Flames zone.
5:12 of 3rd period - Shot by Eric Staal.
5:12 of 3rd period - Shot Misses the Net.
5:25 of 3rd period - Shot by Eric Staal.
5:25 of 3rd period - Shot Blocked by Brad Stuart.
5:29 of 3rd period - Shot by Eric Staal.
5:29 of 3rd period - Deflect By Mikael Granlund.
5:29 of 3rd period - Stopped by Ben Bishop without a rebound.
5:30 of 3rd period - Anze Kopitar wins face-off versus John Tavares in Flames zone.
5:59 of 3rd period - Shot by John Tavares.
5:59 of 3rd period - Shot Misses the Net.
6:26 of 3rd period - Bryan Bickell is hit by Marian Gaborik and loses puck.
7:26 of 3rd period - Patrick Dwyer is hit by Daniel Sedin and loses puck.
7:36 of 3rd period - Off-side.
7:37 of 3rd period - Anze Kopitar wins face-off versus Mikael Granlund in neutral zone.
9:33 of 3rd period - Joe Thornton is hit by Brad Stuart and loses puck.
9:36 of 3rd period - Shot by Jeff Skinner.
9:36 of 3rd period - Stopped by Ben Bishop without a rebound.
9:37 of 3rd period - Anze Kopitar wins face-off versus Derek MacKenzie in Flames zone.
9:45 of 3rd period - Minor Penalty to Derek MacKenzie for Hooking.
9:46 of 3rd period - Anze Kopitar wins face-off versus Joe Thornton in Kings zone.
9:47 of 3rd period - Shot by Erik Johnson.
9:47 of 3rd period - Stopped by Steve Mason without a rebound.
9:48 of 3rd period - Anze Kopitar wins face-off versus Joe Thornton in Kings zone.
10:23 of 3rd period - Shot by Anze Kopitar.
10:23 of 3rd period - Shot Misses the Net.
10:44 of 3rd period - Icing by Erik Johnson.
10:45 of 3rd period - Joe Thornton wins face-off versus David Perron in Flames zone.
11:37 of 3rd period - Shot by Jarret Stoll.
11:37 of 3rd period - Shot Misses the Net.
12:27 of 3rd period - Cody Goloubef is hit by Bryan Bickell and loses puck.
13:00 of 3rd period - Icing by Chris Kunitz.
13:01 of 3rd period - Patrick Dwyer wins face-off versus Joe Thornton in Kings zone.
13:21 of 3rd period - Icing by Jack Johnson.
13:22 of 3rd period - Jarret Stoll wins face-off versus John Tavares in Flames zone.
13:36 of 3rd period - Brad Stuart is hit by Alexander Edler and loses puck.
13:49 of 3rd period - Shot by Matt Cullen.
13:49 of 3rd period - Stopped by Steve Mason without a rebound.
13:50 of 3rd period - Mikael Granlund wins face-off versus Anze Kopitar in Kings zone.
13:59 of 3rd period - Icing by David Perron.
14:00 of 3rd period - Anze Kopitar wins face-off versus Derek MacKenzie in Flames zone.
14:18 of 3rd period - Minor Penalty to Erik Johnson for High sticking.
14:19 of 3rd period - Anze Kopitar wins face-off versus John Tavares in Flames zone.
15:38 of 3rd period - Shot by Joe Thornton.
15:38 of 3rd period - Stopped by Ben Bishop without a rebound.
15:39 of 3rd period - Joe Thornton wins face-off versus Anze Kopitar in Flames zone.
16:22 of 3rd period - Shot by Eric Staal.
16:22 of 3rd period - Stopped by Ben Bishop without a rebound.
16:23 of 3rd period - Derek MacKenzie wins face-off versus Jarret Stoll in Flames zone.
16:34 of 3rd period - Icing by Eric Staal.
16:35 of 3rd period - Derek MacKenzie wins face-off versus Andrew Miller in Kings zone.
17:11 of 3rd period - Shot by Victor Rask.
17:11 of 3rd period - Shot Misses the Net.
18:31 of 3rd period - Shot by David Perron.
18:31 of 3rd period - Shot Misses the Net.
18:33 of 3rd period - Shot by Jared Spurgeon.
18:33 of 3rd period - Stopped by Steve Mason without a rebound.
18:34 of 3rd period - Mikael Granlund wins face-off versus Anze Kopitar in Kings zone.
19:01 of 3rd period - Shot by Eric Staal.
19:01 of 3rd period - Shot Blocked by Jack Johnson.
19:48 of 3rd period - Off-side.
19:49 of 3rd period - Derek MacKenzie wins face-off versus Anze Kopitar in neutral zone.
19:56 of 3rd period - Shot by Chris Kunitz.
19:56 of 3rd period - Deflect By Marian Gaborik.
19:56 of 3rd period - Stopped by Ben Bishop without a rebound.
19:57 of 3rd period - Chris Kunitz wins face-off versus Anze Kopitar in Flames zone.
Goals for this period are 1 for Kings vs 0 for Flames.
Shots for this period are 8 for Kings vs 4 for Flames.